AoeStats
← CaRem

Pilgrims

509796039Analyzed
4v4 RM · 3d ago on Sep 28, 2026· 27m 29s· 8 players
Game mode
Random Map
Map size
Large (8 player)
Population
200
Speed
Normal
Resources
Standard
Victory
Conquest
Starting age
Dark Age
Ending age
Imperial Age
RankedLock teamsTeams togetherTeam positionsShared explorationLock speedFull tech treeHidden civsTurbo modeCheats
Victory
Defeat
🇹🇼 Varangians · Taiwan
1259
+12
🇭🇰 Danes · Hong Kong SAR China
1215
+13
🇨🇳 Mongols · China
1190
+14
🇻🇳 Vikings · Vietnam
1125
+16
🇨🇴 Byzantines · Colombia
1212
-16
🇦🇷 Shu · Argentina
1162
-14
🇺🇸 Goths · United States
1134
-13
🇺🇸 Japanese · United States
1107
-35
SwallowXII
3:17 Loom
11:40 Feudal Age
12:51 Double-Bit Axe
13:38 Fletching
18:52 Castle Age
19:32 Bodkin Arrow
27:40 Horse Collar
javier1205hk
8:10 Loom
12:39 Feudal Age
13:41 Gold Mining
13:42 Double-Bit Axe
13:54 Fishing Lines
14:02 Fishing Lines
18:46 Fletching
20:59 Wheelbarrow
25:03 Castle Age
23:07 Stone Mining
26:45 Stone Shaft Mining
26:52 Gold Shaft Mining
27:49 Gambesons
28:06 Squires
27:51 Arson
搞就完了
4:23 Loom
14:30 Feudal Age
14:58 Double-Bit Axe
15:07 Stone Mining
15:08 Gold Mining
15:01 Fishing Lines
15:05 Horse Collar
22:20 Castle Age
22:19 Fletching
22:29 Padded Archer Armor
23:11 Bodkin Arrow
25:44 Husbandry
26:20 Bow Saw
26:13 Heavy Plow
28:36 Wheelbarrow
CaRem
3:38 Loom
11:15 Feudal Age
20:03 Castle Age
Jimmy_Supreme
4:38 Loom
11:11 Feudal Age
12:44 Double-Bit Axe
14:53 Fishing Lines
17:27 Castle Age
16:17 Man-at-Arms
16:53 Arson
18:47 Scale Mail Armor
24:31 Squires
25:02 Bow Saw
littlestewey
12:55 Feudal Age
11:14 Loom
13:00 Feudal Age
14:35 Wheelbarrow
19:08 Castle Age
17:28 Double-Bit Axe
20:58 Bow Saw
21:58 Hand Cart
22:08 Horse Collar
28:03 Heavy Plow
Petrovisky
10:53 Feudal Age
14:31 Castle Age
12:31 Double-Bit Axe
13:25 Loom
14:17 Forging
15:53 Medium Warships
17:02 Fishing Lines
19:08 Gillnets
19:25 Fletching
21:20 Bow Saw
21:17 Horse Collar
24:27 Heavy Plow
阿根廷彭于晏
11:08 Feudal Age
11:54 Loom
15:42 Fletching
15:39 Double-Bit Axe
15:35 Horse Collar
15:49 Gold Mining
19:33 Castle Age
20:41 Medium Warships
22:13 Crossbowman
23:01 Thumb Ring
23:04 Fishing Lines
23:47 Gillnets
25:00 Bow Saw
26:28 Padded Archer Armor
26:27 Bodkin Arrow
28:14 Leather Archer Armor
Connection lost

Rejoining the realm…

Still unreachable

The connection could not be restored.

Session expired

The server has moved on; the page needs a fresh start.